 Dungeon Crawl Stone Soup version bcrawl-1.19.2-6-g6a88ae04c9 (webtiles) character file.

Game seed: 4029102976562380513

7875 Mrkan the Blocker (level 11, -8/97 HPs)
             Began as a Minotaur Fighter on Dec 26, 2019.
             Was a High Priest of Okawaru.
             Mangled by a freezing wraith (22 damage)
             ... on level 9 of the Dungeon.
             The game lasted 00:15:22 (9445 turns).

Mrkan the Blocker (Minotaur Fighter)                Turns: 9445, Time: 00:15:22

Health: -8/97      AC: 15    Str: 21    XL:     11   Next: 2%
Magic:  10/10      EV:  9    Int:  5    God:    Okawaru [*****.]
Gold:   976        SH: 12    Dex: 13    Spells: 10/10 levels left

rFire    . . .     SeeInvis .   a - +1 war axe
rCold    . . .     Gourm    .   c - +0 shield
rNeg     . . .     Faith    .   u - +0 chain mail
rPois    .         Spirit   .   (helmet restricted)
rElec    .         Reflect  .   n - +1 cloak
rCorr    .         Harm     .   (no gloves)
MR       .....                  F - +0 pair of boots
Stlth    ..........             (no amulet)
HPRegen  0.26/turn              (no ring)
MPRegen  0.12/turn              (no ring)

@: slowed, very slow
A: retaliatory headbutt, horns 2
a: Heroism, Finesse, Renounce Religion


You were on level 9 of the Dungeon.
You worshipped Okawaru.
Okawaru was extremely pleased with you.
You were not hungry.

You visited 1 branch of the dungeon, and saw 9 of its levels.
You also visited: Ossuary.

You collected 976 gold pieces.

Inventory:

Hand Weapons
 a - a +1 war axe (weapon)
 H - the +7 mace of Variability {chain chaos}
   (You found it on level 8 of the Dungeon)

   Each time it hits an enemy it has a different, random effect.
Missiles
 q - 2 throwing nets (quivered) {!f}
 D - 56 javelins of penetration
Armour
 c - a +0 shield (worn)
 h - a +1 large shield
 n - a +1 cloak (worn)
 u - a +0 chain mail (worn)
 w - a +3 ring mail of cold resistance
 F - a +0 pair of boots (worn)
Jewellery
 I - an uncursed ring of poison resistance {unknown}
 J - the amulet of Dyru {Reflect rC+ SH+2, unknown}
   (You found it on level 8 of the Dungeon)

   [amulet of reflection]

   It shields you and reflects attacks.
   It protects you from cold.
   It affects your SH (+2).
Wands
 r - a wand of clouds (5)
 s - a wand of flame (43)
 y - a wand of iceblast (17)
 E - a wand of paralysis (11)
 K - a wand of disintegration (10)
 N - a wand of digging (13)
Scrolls
 b - 2 scrolls of fog
 d - 3 scrolls of teleportation
 e - 2 scrolls of enchant armour
 j - 8 scrolls of identify
 m - 2 scrolls of fear
 v - 3 scrolls of remove curse
 C - a scroll of immolation
 G - a scroll of silence
Potions
 g - a potion of resistance {unknown}
 i - 4 potions of berserk rage {unknown}
 k - 6 potions of curing
 l - 3 potions of degeneration {unknown}
 o - 4 potions of flight {unknown}
 p - 3 potions of mutation {unknown}
 t - a potion of cancellation {unknown}
 x - 2 potions of haste {unknown}
 z - a potion of brilliance {unknown}
 A - 2 potions of heal wounds {unknown}
 B - a potion of lignification {unknown}
 M - 2 potions of might
Comestibles
 f - 21 rations {!d}


   Skills:
 + Level 9.5 Fighting
 * Level 9.5 Axes
 - Level 7.0 Throwing
 + Level 9.4 Armour
 - Level 5.0 Dodging
 + Level 9.5 Shields


You had 10 spell levels left.
You didn't know any spells.
Your spell library contained the following spells:

 Spells                   Type           Power        Failure   Level  Hunger
 Apportation              Tloc           #.....       100%        1    ##.....
 Infusion                 Chrm           #.......     100%        1    ##.....
 Sandblast                Erth           #.....       100%        1    ##.....
 Slow                     Hex            #.......     100%        1    ##.....
 Summon Butterflies       Summ           #.......     100%        1    ##.....
 Summon Small Mammal      Summ           #...         100%        1    ##.....
 Call Imp                 Summ           #.....       100%        2    ###....
 Call Canine Familiar     Summ           #.......     100%        3    ####...
 Summon Ice Beast         Ice/Summ       #.......     100%        4    #####..
 Summon Lightning Spire   Summ/Air       #.......     100%        5    ######.


Dungeon Overview and Level Annotations

Branches:
Dungeon (9/12)             Temple (0/1) D:5
   Lair: D:7-9          Orc: D:8-11

Altars:
Ashenzari
Makhleb
Nemelex Xobeh
Okawaru
Trog
Vehumet
Xom


Innate Abilities, Weirdness & Mutations

You reflexively headbutt those who attack you in melee.
You have a pair of horns on your head.


Message History

The freezing wraith drains your vigour!
You feel as though you will be slow longer.
The freezing wraith hits you but does no damage.
You block the freezing wraith's attack.
You barely miss the freezing wraith.
Your headbutt misses the freezing wraith.
The freezing wraith barely misses you. You block the freezing wraith's attack.
You block the freezing wraith's attack.
The freezing wraith hits you but does no damage.
You block the freezing wraith's attack. The freezing wraith barely misses you.
Things that are here:
a cursed -1 dagger; a +0 robe; an orc corpse The freezing wraith hits you but does no damage.
You block the freezing wraith's attack.
You slash the freezing wraith! You headbutt the freezing wraith.
The freezing wraith is moderately damaged.
The freezing wraith hits you!
* * * LOW HITPOINT WARNING * * *
The freezing wraith freezes you!!
You die...

+..## #... #..#
#W.###### #..oo.oo.
#o#### #o..o# ####W#
#@# ##.##
#.###...###.#
#...........#
############...###.#
##.............##
###...############
....#.........
#.#...######.#


You could see a freezing wraith and an orc warrior.

Vanquished Creatures
  A centaur warrior (D:9)
  Erica (D:8)
  Pikel (D:8)
  A centaur zombie (D:9)
  Maurice (D:8)
  Prince Ribbit (D:7)
  A hippogriff (D:7)
  2 wyverns
  A human (D:7)
  A hungry ghost (D:9)
  4 hogs (D:7)
  3 chaos spawn (D:8)
  A vampire mosquito (D:8)
  A hornet zombie (D:9)
  An eye of draining (D:7)
  An orc warrior (D:6)
  3 slaves (D:8)
  2 ice beasts
  A phantom (D:7)
  4 ogres
  2 centaurs
  2 big kobolds
  3 bullfrogs
  2 scorpions
  12 wights
  2 crimson imps
  A bullfrog zombie (D:5)
  3 hounds
  A bullfrog skeleton (D:6)
  2 centaur skeletons
  A jelly (D:9)
  4 orc priests
  6 orc wizards
  2 iguanas
  Natasha (thrice) (D:4)
  8 worker ants
  Terence (D:3)
  A killer bee zombie (D:7)
  A hound zombie (D:5)
  A hound skeleton (D:4)
  8 mummies (Ossuary)
  Robin (D:2)
  3 gnolls (D:6)
  7 adders
  2 shadow imps
  4 oozes
  5 worms
  4 dart slugs
  5 leopard geckos
  26 orcs
  2 ball pythons
  2 giant cockroaches
  2 gnoll zombies (Ossuary)
  14 goblins
  10 hobgoblins
  15 jackals
  24 kobolds
  3 quokkas
  3 bats
  3 frilled lizards
  A goblin zombie (D:4)
  2 hobgoblin zombies (Ossuary)
  A jackal zombie (D:3)
  A kobold zombie (Ossuary)
  3 orc zombies (Ossuary)
  A quokka skeleton (D:4)
  A quokka zombie (D:4)
  8 rats
  2 bushes (D:1)
  3 plants (D:1)
256 creatures vanquished.

Vanquished Creatures (others)
  A slave (D:8)
  An orc wizard (D:7)
  A hound skeleton (D:8)
3 creatures vanquished.

Grand Total: 259 creatures vanquished

Notes
Turn   | Place    | Note
-------+----------+-------------------------------------------
     0 | D:1      | Mrkan the Minotaur Fighter began the quest for the Orb.
     0 | D:1      | Reached XP level 1. HP: 19/19 MP: 0/0
   161 | D:1      | Reached XP level 2. HP: 27/27 MP: 1/1
   432 | D:1      | Reached XP level 3. HP: 31/33 MP: 2/2
   434 | D:1      | Reached skill level 1 in Dodging
  1344 | D:2      | Noticed Robin
  1351 | D:2      | Reached XP level 4. HP: 23/40 MP: 3/3
  1353 | D:2      | Killed Robin
  1810 | D:3      | HP: 2/41 [kobold/+0 dagger (1)]
  1813 | D:3      | Reached XP level 5. HP: 2/47 MP: 4/4
  1824 | D:3      | Found an iron altar of Okawaru.
  2125 | D:3      | Became a worshipper of Warmaster Okawaru
  2522 | D:3      | Noticed Terence
  2531 | D:3      | Killed Terence
  2917 | D:4      | Reached XP level 6. HP: 53/53 MP: 5/5
  3186 | D:4      | Noticed Natasha
  3193 | D:4      | Reached skill level 5 in Axes
  3200 | D:4      | Killed Natasha
  3208 | D:4      | Noticed Natasha
  3223 | D:4      | Killed Natasha
  3223 | D:4      | Reached * piety under Okawaru
  3266 | D:4      | Found a sand-covered staircase.
  3274 | Ossuary  | Entered an ossuary
  3300 | Ossuary  | Reached skill level 5 in Fighting
  3301 | Ossuary  | Reached skill level 5 in Shields
  3484 | Ossuary  | Reached skill level 5 in Armour
  3491 | Ossuary  | Reached XP level 7. HP: 25/61 MP: 6/6
  3973 | D:4      | Noticed Natasha
  3981 | D:4      | Killed Natasha
  4014 | D:4      | Found a burning altar of Makhleb.
  4014 | D:4      | Noticed an Executioner
  4203 | D:5      | Entered Level 5 of the Dungeon
  4362 | D:5      | Found a staircase to the Ecumenical Temple.
  4642 | D:5      | Reached ** piety under Okawaru
  4674 | D:6      | Found a radiant altar of Vehumet.
  4930 | D:6      | Found a sparkling altar of Nemelex Xobeh.
  5155 | D:6      | Noticed a moth of wrath
  5158 | D:6      | Found a bloodstained altar of Trog.
  5214 | D:6      | Reached XP level 8. HP: 47/70 MP: 7/7
  5655 | D:7      | Found an iron altar of Okawaru.
  5701 | D:7      | Noticed a hippogriff
  5709 | D:7      | Killed a hippogriff
  5993 | D:6      | Reached *** piety under Okawaru
  6257 | D:7      | Reached skill level 5 in Dodging
  6283 | D:7      | Reached XP level 9. HP: 44/78 MP: 0/8
  6285 | D:7      | Reached skill level 1 in Throwing
  6556 | D:7      | Noticed Prince Ribbit
  6693 | D:7      | Reached **** piety under Okawaru
  6700 | D:7      | Received a gift from Okawaru
  7090 | D:7      | Killed Prince Ribbit
  7459 | D:8      | Found a shimmering altar of Xom.
  7460 | D:8      | Found the +7 mace of Variability {chain chaos}
  7489 | D:8      | Reached skill level 5 in Throwing
  7759 | D:8      | Reached XP level 10. HP: 73/88 MP: 9/9
  7803 | D:8      | Found a shattered altar of Ashenzari.
  7804 | D:8      | Noticed Pikel
  7819 | D:8      | Killed Pikel
  7819 | D:8      | Reached ***** piety under Okawaru
  7984 | D:8      | Noticed Erica
  8006 | D:8      | Killed Erica
  8006 | D:8      | Received a gift from Okawaru
  8006 | D:8      | HP: 4/90 [big kobold/+0 whip (5)]
  8407 | D:8      | Noticed Maurice
  8415 | D:8      | Killed Maurice
  8593 | D:8      | Got a translucent graven amulet
  9212 | D:9      | Noticed a centaur warrior
  9221 | D:9      | Killed a centaur warrior
  9338 | D:9      | Reached XP level 11. HP: 75/97 MP: 10/10
  9445 | D:9      | Mangled by a freezing wraith

Skill      XL: |  1  2  3  4  5  6  7  8  9 10 |
---------------+-------------------------------+-----
Axes           | 3 4 5 6 8 9 |  9.5
Dodging        | 1 2 3 4 5 |  5.0
Fighting       | 4 5 6 8 9 |  9.5
Shields        | 4 5 6 8 9 |  9.5
Armour         | 4 5 6 8 9 |  9.4
Throwing       | 5 7 |  7.0

Action                   |  1- 3 |  4- 6 |  7- 9 | 10-12 || total
-------------------------+-------+-------+-------+-------++-------
Melee: War axe           |   157 |   199 |   303 |   153 ||   812
       Headbutt          |    41 |    32 |    69 |    40 ||   182
  Use: Potion            |       |     1 |       |     2 ||     3
       Scroll            |       |       |    10 |     1 ||    11
 Stab: Invisible         |       |       |     2 |       ||     2
  Eat: Chunk             |       |     9 |    11 |     1 ||    21
       Ration            |       |       |     1 |     2 ||     3
Armor: Scale mail        |    41 |    47 |       |       ||    88
       Chain mail        |       |    34 |   141 |    62 ||   237
Dodge: Dodged            |    49 |    49 |    88 |    60 ||   246
Block: Shield            |    63 |   115 |   172 |   109 ||   459
